Match 39859621
Unlisted

Match 39859621
End
Construct Infanterie Kompanie
Grenadier Squad
MG 42 Machine Gun Team
Grenadier Squad
Grenadier Squad
Construct Luftwaffe Kompanie
Flak 30 Anti-aircraft Gun Team
Jäger Squad
Medical Bunker
Support Elements
Marder III M Tank Destroyer
insane
JP
TheKingOfGoats
Cicero_540
󠀡󠀡
Scrapadactyl
DirtyDan
彡★🔻SALADIN🔻★彡
0
0

Comments sign in to comment!

No comments posted yet!